[Event "Open NK Rapid 2025"]
[Site "Helmond, Netherlands"]
[Date "2025.05.03"]
[Round "4.2"]
[White "Kazarjan, Gachatur"]
[Black "Warmerdam, Max"]
[Result "0-1"]
[TimeControl "15+5"]
[WhiteFideId "1068750"]
[BlackFideId "1048104"]
[WhiteElo "2155"]
[BlackElo "2517"]

1. e4 c5 2. a3 g6 3. Nc3 Bg7 4.
Bc4 Nc6 5. d3 e6 6. Ba2 Rb8 7. h4 h5 8. Bg5 Qb6 9. Qc1 d6 10. Nf3 Bd7 11. O-O Nge7 12. Rb1 Rc8 13. Qf4 f6 14.
Qxd6 fxg5 15. Bxe6 Bxe6 16. Qxe6 Nd4 17. Qxb6 axb6 18. Nxg5 Nxc2 19. Ne6 Bf6 20. g3 Kf7 21. Nf4 Nd4 22.
Kg2 Rhd8 23. Rfe1 Ndc6 24. Ncd5 Nxd5 25. Nxd5 b5 26. f4 Ne7 27. Nxf6 Kxf6 28. Red1 Nc6 29. Kf3 Nd4+ 30. Ke3 Nb3 31.
Rf1 Rd7 32. Rbd1 Rcd8 33. Ke2 b6 34. Rg1 Rd4 35. Rgf1 Ra4 36.
Ke3 Nd4 37. Rf2 b4 38. axb4 Rxb4 39. Ra1 Rb3 40. Ra7 Nc6 41. e5+ Ke6 42. Rg7 Rdxd3+ 43. Ke2 Ne7 0-1

[Event "Open NK Rapid 2025"]
[Site "Helmond, Netherlands"]
[Date "2025.05.03"]
[Round "4.3"]
[White "Peng, Li Min"]
[Black "Van Roon, Sjoerd"]
[Result "1-0"]
[TimeControl "15+5"]
[WhiteFideId "14112620"]
[BlackFideId "1051075"]
[WhiteElo "2510"]
[BlackElo "2179"]

1. Nf3 d5 2. e3 Nf6 3. c4 e6 4.
Nc3 c6 5. b3 Bd6 6. Bb2 Nbd7 7. Qc2 O-O 8. Rg1 e5 9. cxd5 cxd5 10. Nb5 Qe7 11. Rc1 Re8 12. Nxd6 Qxd6 13. Qc7 Qxc7 14.
Rxc7 d4 15. Bc4 dxe3 16. fxe3 h6 17. g4 e4 18. g5 exf3 19. gxf6 g5 20. h4 Ne5 21. hxg5 Nxc4 22. g6 Rf8 23.
bxc4 Be6 24. Ba3 Rfd8 25. gxf7+ Kh7 26. f8=Q+ 1-0

[Event "Open NK Rapid 2025"]
[Site "Helmond, Netherlands"]
[Date "2025.05.03"]
[Round "4.4"]
[White "Margaryan, Artur"]
[Black "Beerdsen, Thomas"]
[Result "0-1"]
[TimeControl "15+5"]
[WhiteFideId "13304348"]
[BlackFideId "1030108"]
[WhiteElo "2100"]
[BlackElo "2485"]

1. d4 d5 2. c4 Nc6 3. cxd5 Qxd5 4. e3 e5 5. Nc3 Bb4 6. Bd2 Bxc3 7. Bxc3 exd4 8. Ne2 Nge7 9. Nxd4 O-O 10.
Be2 Qxg2 11. Bf3 Qg6 12. Nxc6 Nxc6 13. Bxc6 bxc6 14. Qd4 c5 15. Qxc5 Bb7 16. Rf1 Ba6 17. O-O-O Bxf1 18. Rxf1 Rfd8 19. h4 h5 20. f4 Qg2 21.
Re1 Rd5 22. Qxc7 Rad8 23. e4 Rd2 24. Qc5 Rxb2 25. Bxb2 Qd2+ 26. Kb1 Qxe1+ 27. Bc1 0-1

[Event "Open NK Rapid 2025"]
[Site "Helmond, Netherlands"]
[Date "2025.05.03"]
[Round "4.5"]
[White "Dgebuadze, Alexandre"]
[Black "Labruyere, Roger"]
[Result "1-0"]
[TimeControl "15+5"]
[WhiteFideId "203882"]
[BlackFideId "1059505"]
[WhiteElo "2454"]
[BlackElo "2117"]

1. e4 c5 2. Nf3 d6 3. d4 cxd4 4. Qxd4 Nc6 5. Bb5 Bd7 6.
Bxc6 bxc6 7. O-O e5 8. Qd3 Be7 9. b3 Qc7 10. c4 Nf6 11. Ba3 O-O 12. Nxe5 Rfe8 13. Nxd7 Nxd7 14. Nc3 Ne5 15.
Qg3 Qa5 16. Bb2 Rab8 17. Rab1 Bf6 18. Na4 h5 19. Bc3 Qa6 20. f4 h4 21. Qh3 Nxc4 22. Bxf6 gxf6 23. Rbd1 Nb6 24. Nc3 Qa5 25. Qg4+ Kf8 26. Rf3 d5 27.
e5 Qc5+ 28. Kh1 fxe5 29. fxe5 Qe7 30. Rdf1 Rb7 31. Qh5 Kg7 32. Rf5 Qe6 33. Rf6 1-0

[Event "Open NK Rapid 2025"]
[Site "Helmond, Netherlands"]
[Date "2025.05.03"]
[Round "4.6"]
[White "Taams, Lisanne"]
[Black "Schneider, Ilja"]
[Result "0-1"]
[TimeControl "15+5"]
[WhiteFideId "1055852"]
[BlackFideId "4663306"]
[WhiteElo "2078"]
[BlackElo "2438"]

1. Nf3 Nf6 2. c4 e6 3. Nc3 d5 4. e3 Bd6 5. b3 O-O 6. Bb2 Re8 7. Be2 b6 8. O-O Bb7 9. d4 Nbd7 10.
Rc1 a6 11. Qd3 dxc4 12. bxc4 e5 13. Qc2 Qe7 14. Rfd1 Rad8 15.
d5 e4 16. Nd4 Qe5 17. g3 Qg5 18. Bf1 h5 19. Nce2 h4 20. Nf4 Ne5 21. Bg2 Qh6 22. Nf5 Qg5 23. Nxh4 Bc8 24. Bxe4 Nxe4 25.
Qxe4 Bg4 26. f3 Nxf3+ 27. Nxf3 Qh6 28. Ne5 Bxe5 29. Bxe5 Bxd1 30. Rxd1 f6 31. Qf3 Rxe5 32.
Re1 Rde8 33. Ne6 c6 34. e4 f5 35. Rf1 Rxe4 36. Qxf5 R4xe6 37. Qf7+ Kh7 38. dxe6 Rxe6 39. Qf5+ Qg6 40. Qf4 Qe4 41. Qf7 Qd4+ 42. Kh1 Qe4+ 43. Kg1 Rh6 44. Rf2 a5 45.
Qf8 a4 46. Qf7 b5 47. cxb5 cxb5 48. Qd7 Rh5 49. Qd1 Rd5 50. Qc1 b4 51. Rf4 Qe2 52. Rh4+ Kg6 53. Qb1+ Kg5 54. Qc1+ Rd2 55. Qc5+ Kg6 56. Qc6+ Kg5 57. Qc5+ 0-1

[Event "Open NK Rapid 2025"]
[Site "Helmond, Netherlands"]
[Date "2025.05.03"]
[Round "4.7"]
[White "Apon, Iwahn"]
[Black "Roebers, Eline"]
[Result "0-1"]
[TimeControl "15+5"]
[WhiteFideId "1056115"]
[BlackFideId "1058401"]
[WhiteElo "1987"]
[BlackElo "2390"]

1. Nf3 f5 2. c4 Nf6 3. d3 g6 4.
Nc3 Bg7 5. g3 O-O 6. Bg2 d6 7. O-O e5 8. Rb1 h6 9. Qc2 Nc6 10. b4 g5 11. e3 f4 12. b5 Ne7 13. Nd2 Qe8 14.
d4 exd4 15. exd4 Qh5 16. Nde4 Nf5 17. Qd1 Qxd1 18. Rxd1 Nxe4 19. Bxe4 Nxd4 20. Bb2 Bg4 21. Rd3 fxg3 22. hxg3 Nf3+ 23.
Kg2 Ne5 24. Re3 c6 25. bxc6 bxc6 26.
Na4 Nxc4 27. Rd3 Nxb2 28. Nxb2 d5 29. Bf3 Bxf3+ 30. Rxf3 Rxf3 31. Kxf3 Rb8 32. Rc1 Rxb2 33. Rxc6 Rxa2 34. Rc7 a5 35. Ra7 a4 36. Kg4 a3 37. f4 gxf4 38. Kf5 fxg3 0-1

[Event "Open NK Rapid 2025"]
[Site "Helmond, Netherlands"]
[Date "2025.05.03"]
[Round "4.8"]
[White "Cernov, Vadim"]
[Black "Chua, Ethan"]
[Result "1/2-1/2"]
[TimeControl "15+5"]
[WhiteFideId "1210629"]
[BlackFideId "1089250"]
[WhiteElo "2320"]
[BlackElo "2069"]

1. e4 c5 2. Nf3 Nc6 3. Bb5 e5 4. Bxc6 dxc6 5. O-O Bd6 6.
d3 Ne7 7. Nbd2 Ng6 8. Nc4 Bc7 9. Be3 Qe7 10. a4 a5 11. c3 O-O 12. Qb3 b6 13. Qa3 f6 14. d4 cxd4 15. Qxe7 Nxe7 16.
cxd4 Be6 17. Rfc1 exd4 18. Nxd4 Bf7 19.
g3 Rac8 20. Bf4 Bxf4 21. gxf4 Rfd8 22. Nxb6 Rc7 23. Nf3 Rb7 24. Nc4 Bxc4 25. Rxc4 Rxb2 26. f5 Rd3 27. Kg2 g6 28. fxg6 hxg6 29. Rac1 Ra3 30. e5 fxe5 31. Nxe5 Raa2 32.
Rf4 Rb4 33. Rxb4 axb4 34. Nxc6 Nxc6 35. Rxc6 Rxa4 36. Rxg6+ Kf7 37. Rb6 Ke7 38. Kg3 Kd7 39. h4 Kc7 40. Rb5 Kc6 41. Rb8 Kc7 42. Rb5 1/2-1/2

[Event "Open NK Rapid 2025"]
[Site "Helmond, Netherlands"]
[Date "2025.05.03"]
[Round "4.9"]
[White "Kuipers-Haast, Anne"]
[Black "Khatniuk, Anastasiia"]
[Result "1-0"]
[TimeControl "15+5"]
[WhiteFideId "1017292"]
[BlackFideId "14179105"]
[WhiteElo "2272"]
[BlackElo "1822"]

1. e4 c5 2. Nf3 e6 3. d4 cxd4 4. Nxd4 a6 5. c4 Nf6 6. Nc3 Qc7 7. Be2 Nc6 8. O-O Bb4 9. Qd3 Ne5 10. Qg3 O-O 11. Bf4 d6 12.
Bg5 Nfd7 13. Rac1 Bc5 14. Be3 Nc6 15. Rfd1 Nxd4 16. Bxd4 Bxd4 17. Rxd4 e5 18. Rdd1 Nf6 19. b4 Be6 20. Qd3 Rac8 21. Nd5 Bxd5 22.
exd5 Qe7 23. c5 dxc5 24. bxc5 Rfd8 25. d6 Qe6 26. Qb3 Nd7 27. Bc4 Qf6 28. Qe3 Nxc5 29. Bxf7+ Kxf7 30. Rxc5 Rxc5 31.
Qxc5 Rd7 32. h4 h5 33. Rd3 Kg6 34. Qc2 Kh6 35. Rd5 Qxh4 36. Qf5 Qg4 37. Qxe5 Qg6 38. Kh2 Qf7 39. f3 g6 40.
a4 Qf8 41. Rd4 Qd8 42. Qe6 b5 43. axb5 axb5 44. Kh3 b4 45.
g4 hxg4+ 46. Rxg4 Kh7 47. Qxg6+ 1-0

[Event "Open NK Rapid 2025"]
[Site "Helmond, Netherlands"]
[Date "2025.05.03"]
[Round "4.10"]
[White "Kurt, Sascha"]
[Black "Grochal, Joey"]
[Result "1/2-1/2"]
[TimeControl "15+5"]
[WhiteFideId "1082647"]
[BlackFideId "1019945"]
[WhiteElo "1953"]
[BlackElo "2261"]

1. e4 c5 2. Nf3 Nc6 3. d4 cxd4 4. Nxd4 e6 5. Nc3 Qc7 6. Be3 a6 7. a3 b5 8. h4 Nf6 9. h5 h6 10.
Nxc6 dxc6 11. Be2 Bb7 12. O-O Rd8 13. Qe1 c5 14. Bf3 Bd6 15. Qe2 Bh2+ 16. Kh1 Be5 17. Rad1 O-O 18. Rg1 Nh7 19.
g3 Qe7 20. Bg2 Bd4 21. f4 Rd7 22. Rd2 Rfd8 23. Rgd1 Bxe3 24. Qxe3 Rxd2 25. Rxd2 Rxd2 26. Qxd2 Nf6 27. Qe2 b4 28. axb4 cxb4 29. Nd1 Qc5 30.
e5 Bxg2+ 31. Kxg2 Nd5 32. Qd3 a5 33. b3 Qc6 34. Kh2 Qb6 35. Kg2 Qc6 36. Kh2 a4 37. bxa4 Qxa4 38. Kg2 Qa1 39.
Kf2 Qa7+ 40. Kg2 Qc5 41. Kh2 Kf8 42. Kg2 Ke7 43. Kf1 Qc6 44. Kf2 f5 45. Kg1 Qe8 46. Ne3 Nxe3 47. Qxe3 Qb5 48.
Kf2 Qc4 49. Qd2 Qc5+ 50. Ke2 Qc4+ 51. Qd3 Qc5 52. Kf1 Qc6 53. Kf2 Qc5+ 54. Kf1 1/2-1/2

[Event "Open NK Rapid 2025"]
[Site "Helmond, Netherlands"]
[Date "2025.05.03"]
[Round "4.11"]
[White "Hilwerda, Jonas"]
[Black "Kakrana, Reyansh"]
[Result "1-0"]
[TimeControl "15+5"]
[WhiteFideId "1046713"]
[BlackFideId "1094092"]
[WhiteElo "2233"]
[BlackElo "1796"]

1. e4 c6 2. d4 d5 3. e5 c5 4. c3 cxd4 5. cxd4 Nc6 6. Nc3 Bf5 7. Bd3 Bxd3 8. Qxd3 e6 9. f4 h5 10.
Nf3 Nge7 11. O-O Nf5 12. Be3 Be7 13. Bf2 O-O 14. g3 Qd7 15. Kg2 Rfb8 16. h3 Nh6 17. Nd2 b5 18. Qf3 g6 19.
g4 hxg4 20. hxg4 b4 21. Ne2 Kg7 22. Rh1 Rh8 23. Rh2 Rh7 24. g5 Nf5 25. Rxh7+ Kxh7 26. Rh1+ Kg7 27. Qh3 Rg8 28. Nb3 a5 29. Ng3 Kf8 30. Rc1 a4 31. Nxf5 gxf5 32. Nc5 Bxc5 33. Rxc5 Ke7 34. Qh6 Qe8 35. Qh5 Qd7 36. Qe2 Rc8 37.
Qb5 Na7 38. Qxb4 Rxc5 39. Qxc5+ Ke8 40. Be1 Nc8 41. Bb4 Ne7 42. Qxe7+ Qxe7 43. Bxe7 Kxe7 44. Kf3 Kd7 45. Ke3 Kc6 46. Kd3 Kb5 47. Kc3 Ka5 48. a3 Kb5 49. b3 Ka5 50. bxa4 Kxa4 51. Kb2 Kb5 52. Kb3 Ka5 53. a4 Ka6 54. Kb4 Kb6 55. a5+ Kc6 56. Ka4 Kc7 57. Kb5 Kb7 58. a6+ Ka7 59. Ka5 Ka8 60.
Kb6 Kb8 61. a7+ Ka8 62. Ka6 f6 63. g6 fxe5 64. g7 exf4 65. g8=Q# 1-0

[Event "Open NK Rapid 2025"]
[Site "Helmond, Netherlands"]
[Date "2025.05.03"]
[Round "4.12"]
[White "Baselmans, Luuk"]
[Black "Bakels, Anton"]
[Result "1-0"]
[TimeControl "15+5"]
[WhiteFideId "1051008"]
[BlackFideId "1046187"]
[WhiteElo "2405"]
[BlackElo "2025"]

1. e4 c5 2. Nf3 d6 3. Bb5+ Nd7 4. Ba4 a6 5. c4 Ngf6 6. Nc3 g6 7. O-O Bg7 8. d3 O-O 9. h3 e5 10.
Rb1 Ne8 11. Nd5 Nb6 12. Bxe8 Rxe8 13. Bg5 f6 14. Nxb6 Qxb6 15. Be3 f5 16. b4 Qc7 17. exf5 gxf5 18. Qb3 Qf7 19. bxc5 f4 20. Bc1 dxc5 21.
Re1 Qg6 22. Qb6 Qh5 23. Qxc5 Bxh3 24. Bxf4 Qg4 25. Bg3 Re6 26. Nxe5 Bxe5 27. Rxe5 1-0

[Event "Open NK Rapid 2025"]
[Site "Helmond, Netherlands"]
[Date "2025.05.03"]
[Round "4.13"]
[White "Vogel, Jaap"]
[Black "Sydykov, Bayastan"]
[Result "0-1"]
[TimeControl "15+5"]
[WhiteFideId "1000764"]
[BlackFideId "13829610"]
[WhiteElo "2006"]
[BlackElo "2297"]

1. d4 Nf6 2. Nf3 d5 3. g3 c5 4.
Bg2 cxd4 5. Nxd4 Nc6 6. O-O h6 7.
c4 e5 8.
Nxc6 bxc6 9. Nc3 Be6 10. Qa4 Qd7 11. cxd5 cxd5 12. Qxd7+ Kxd7 13. Rd1 Kc6 14. Be3 Bb4 15. Rac1 Bxc3 16.
Rxc3+ Kd7 17. Rdc1 Rhb8 18. b3 a5 19. f4 e4 20. Bd4 Ne8 21. Rd1 f5 22. Be5 Rb7 23. e3 a4 24. Bf1 Ke7 25.
Rdc1 g6 26. Be2 axb3 27. Rxb3 Rba7 28. Rb6 Rxa2 29. Kf1 R2a7 30. Rcc6 Bf7 31. Kf2 Ra2 32. Bb2 R8a7 33. Bd1 Rc7 34.
Rxc7+ Nxc7 35. Rb7 Kd6 36. Be2 Kc6 37. Rb8 Na6 38. Bd4 Nxb8 0-1

[Event "Open NK Rapid 2025"]
[Site "Helmond, Netherlands"]
[Date "2025.05.03"]
[Round "4.14"]
[White "Cernov, Henrik"]
[Black "Darie, Aden"]
[Result "1/2-1/2"]
[TimeControl "15+5"]
[WhiteFideId "16258312"]
[BlackFideId "1094831"]
[WhiteElo "2291"]
[BlackElo "1941"]

1. e4 c6 2. d4 d5 3. e5 c5 4. c4 e6 5. Nf3 cxd4 6. Nxd4 Nc6 7. Nc3 Bc5 8. Nxc6 bxc6 9. Qg4 Ne7 10. Qxg7 Ng6 11. Be2 Bf8 12. Qf6 Be7 13. Qg7 Bf8 14.
Qf6 Be7 15. Qf3 Nxe5 16. Qg3 Bd6 17. c5 Bc7 18. Bf4 Qf6 19.
Bg5 Qg6 20. Qh4 Rg8 21. Be3 Nd3+ 22. Bxd3 Qxd3 23. Rd1 Qg6 24. g3 Ba6 25. Qa4 Bb7 26. O-O h5 27. Ne2 h4 28. Qxh4 Ba6 29. Rfe1 Bd3 30. Nf4 Bxf4 31.
Qxf4 Be4 32. f3 Bf5 33. Qh6 Qxh6 34. Bxh6 Rb8 35. b3 Rb4 36. Bd2 Rd4 37. Bc3 Rxd1 38. Rxd1 Bh3 39. Kf2 Kd7 40. g4 f5 41. Kg3 fxg4 42. f4 Rb8 43. Re1 Rb5 44. b4 Rb8 45. Re5 Rf8 46. Rg5 Ke7 47. Be5 Rd8 48. Bd4 Rf8 49.
a3 a6 50. Rh5 Rf7 51. Be5 Kd7 52. Rh8 Re7 53. Ra8 Bf1 54. Kxg4 Bd3 55. Kg5 Rf7 56. Ra7+ Ke8 57. Rxf7 Kxf7 58. h4 Bc2 59. h5 Ke7 60.
h6 Kf7 61. Bd4 Ke7 62. a4 Kf7 63.
Be5 Ke7 64. Bd6+ Kf7 65. b5 cxb5 66. axb5 axb5 67. c6 Ke8 68.
Kf6 Bf5 69. Bc5 Kd8 70. Bd6 b4 71. Bxb4 Kc7 72. Bc3 Kxc6 73. Bd4 Kb5 74. h7 Bxh7 75. Kxe6 Be4 1/2-1/2

[Event "Open NK Rapid 2025"]
[Site "Helmond, Netherlands"]
[Date "2025.05.03"]
[Round "4.15"]
[White "Beeke, Bob"]
[Black "Moskalets, Sofiia"]
[Result "1-0"]
[TimeControl "15+5"]
[WhiteFideId "1011634"]
[BlackFideId "34144293"]
[WhiteElo "2217"]
[BlackElo "1938"]

1. d4 d5 2. c4 e6 3.
Nc3 c5 4. cxd5 exd5 5. Nf3 Nc6 6. g3 Nf6 7. Bg2 cxd4 8. Nxd4 Bc5 9. Nb3 Bb6 10. Bg5 Be6 11. O-O O-O 12.
Na4 h6 13. Nxb6 axb6 14. Be3 Ne4 15. Nd4 Qf6 16. a3 Rac8 17. Rc1 Ne5 18. f3 Nc5 19. Nb5 Nc4 20. Bd4 Qe7 21. b3 Nd6 22. Nxd6 Qxd6 23. b4 Nd7 24. Qd3 Rc4 25. Rc3 Rfc8 26.
Rfc1 b5 27. f4 g6 28. Bf3 Bf5 29. Qe3 Kf8 30. g4 Re8 31. Bg7+ Kxg7 32. Qxe8 Be6 33. Rxc4 dxc4 34. f5 Qd4+ 35. Kh1 Nf6 36. Qxb5 Bd5 37.
Bxd5 Nxd5 38. Qxc4 Qe3 39. Rf1 Nb6 40. Qd3 Qe5 41. fxg6 fxg6 42. e3 Qe6 43. Qd4+ Kh7 44. Rf6 1-0

[Event "Open NK Rapid 2025"]
[Site "Helmond, Netherlands"]
[Date "2025.05.03"]
[Round "4.16"]
[White "Smeets, Kobe"]
[Black "Jansz, Wilfred"]
[Result "1-0"]
[TimeControl "15+5"]
[WhiteFideId "1063910"]
[BlackFideId "40107353"]
[WhiteElo "2192"]
[BlackElo "1996"]

1. e4 c5 2. a3 d6 3. b4 b6 4. Bb2 Nf6 5. Nc3 Bb7 6. d3 e6 7. Nf3 Nbd7 8. g3 Be7 9. Bg2 O-O 10.
O-O Qc7 11. Qe2 Rfe8 12. b5 Bf8 13. a4 g6 14. Nd2 Bg7 15. f4 Rad8 16. Rae1 Nf8 17. g4 N6d7 18. Nd1 e5 19. f5 f6 20.
h4 Nb8 21. g5 gxf5 22. exf5 Bxg2 23. Qxg2 Kh8 24. Ne4 d5 25. gxf6 Bh6 26. Ng5 d4 27. Nf2 Bxg5 28. hxg5 Qf7 29.
Ng4 Nbd7 30. Nh6 Qh5 31. Rf3 1-0

[Event "Open NK Rapid 2025"]
[Site "Helmond, Netherlands"]
[Date "2025.05.03"]
[Round "4.17"]
[White "Madularea, David"]
[Black "Kools, Thomas"]
[Result "1-0"]
[TimeControl "15+5"]
[WhiteFideId "1070215"]
[BlackFideId "1054759"]
[WhiteElo "1921"]
[BlackElo "2094"]

1. e4 c5 2. Nf3 e6 3. d4 cxd4 4.
Nxd4 a6 5. a3 Nf6 6. Nc3 Qc7 7.
Be3 d6 8. g4 h5 9. g5 Ng4 10. Bc1 Nc6 11. Nxc6 bxc6 12. f4 Qb6 13. Qf3 d5 14. h3 d4 15. Nd1 Ne3 16. Nxe3 dxe3 17.
Qxe3 Bc5 18. Qf3 a5 19. Rh2 O-O 20. Qxh5 Be3 21. Qf3 Bxc1 22. Rxc1 Qxb2 23. Rd1 c5 24. h4 Bb7 25. Rhd2 Bc6 26.
h5 Qb7 27. Bd3 c4 28. Bxc4 Bxe4 29.
Qe3 Bf5 30. Kf2 Bg4 31. Rg1 Bxh5 32. g6 Qe7 33. gxf7+ Bxf7 34. Qe5 Qh4+ 35. Kf1 Qh3+ 36. Ke1 Qh4+ 37. Kd1 Qh5+ 38. Qxh5 Bxh5+ 39. Kc1 Rxf4 40. Bxe6+ Bf7 41. Bd7 Bc4 42. Kb2 Kf7 43.
Rdg2 g5 44. Rxg5 Rf2 45. Rg7+ Kf6 46. R1g6+ Ke5 47. Kc3 Bf1 48. Re7+ Kf4 49. Rf7+ 1-0

[Event "Open NK Rapid 2025"]
[Site "Helmond, Netherlands"]
[Date "2025.05.03"]
[Round "4.18"]
[White "Leenen, Boyd"]
[Black "Uddin, Ahnaf Tajwar"]
[Result "0-1"]
[TimeControl "15+5"]
[WhiteFideId "1083937"]
[BlackFideId "1050842"]
[WhiteElo "1931"]
[BlackElo "2081"]

1. d4 e6 2. e4 b6 3. Nf3 Bb7 4. Bd3 d5 5. e5 c5 6.
c3 h6 7.
O-O Nc6 8. a3 c4 9. Bc2 b5 10. Be3 Nge7 11. Nbd2 Nc8 12. Ne1 g6 13. f4 h5 14. Nef3 Be7 15. Qe2 a5 16. h3 Nb6 17. g4 hxg4 18.
hxg4 b4 19. Kg2 b3 20. Bd1 Na4 21.
Nb1 Na7 22. Qd2 Nb5 23. Be2 Bc6 24. Qc1 Rb8 25. Nbd2 Nbxc3 26. Bd1 Nxd1 27. Rxd1 c3 28. Nf1 Qd7 29. Kg3 cxb2 30. Qb1 bxa1=Q 31. Qxa1 b2 32. Qa2 Nc3 0-1

[Event "Open NK Rapid 2025"]
[Site "Helmond, Netherlands"]
[Date "2025.05.03"]
[Round "4.19"]
[White "Cayonlu, Arda"]
[Black "Becx, Cesar"]
[Result "1-0"]
[TimeControl "15+5"]
[WhiteFideId "6339786"]
[BlackFideId "1001183"]
[WhiteElo "1885"]
[BlackElo "2075"]

1. e4 e5 2. f4 Nc6 3. Nf3 f5 4.
d3 exf4 5. Bxf4 d6 6. Nc3 Nf6 7. Qe2 Be7 8. O-O-O O-O 9. h3 Qe8 10. e5 dxe5 11. Nxe5 Nxe5 12. Bxe5 Bd8 13. d4 c6 14.
Qf3 Be6 15. Bd3 Nd5 16. Nxd5 Bxd5 17. Qg3 Qg6 18. Qxg6 hxg6 19. Rhg1 Bg5+ 20. Kb1 Be3 21. Rge1 f4 22. Bf1 Rae8 23.
b3 b5 24. Kb2 Bf2 25. Re2 Bg3 26. Red2 g5 27. c4 bxc4 28. Bxc4 Bxc4 29. bxc4 Rf7 30. Kc3 Rb7 31. Rb2 Rxb2 32. Kxb2 c5 33. Kc2 Bf2 34. Kc3 Kf7 35.
Rd3 Ke6 36. Bxg7 Be1+ 37. Kc2 cxd4 38. Bxd4 Kf5 39. Kd1 Bb4 40. Bc3 Bxc3 41. Rxc3 Ke4 42. c5 Kd4 43. Rc2 Rc8 44. c6 Kd5 45. c7 Kd6 46. Ke2 Rxc7 47. Rxc7 Kxc7 48. Kf3 Kc6 49. Kg4 Kb5 50. Kxg5 Ka4 51. Kxf4 Ka3 52. h4 Kxa2 53.
h5 a5 54. h6 1-0

[Event "Open NK Rapid 2025"]
[Site "Helmond, Netherlands"]
[Date "2025.05.03"]
[Round "4.20"]
[White "Rogozyanskiy, Alexander"]
[Black "Grooten, Tommy"]
[Result "0-1"]
[TimeControl "15+5"]
[WhiteFideId "1092138"]
[BlackFideId "1068806"]
[WhiteElo "1726"]
[BlackElo "2027"]

1. e4 c5 2. Nf3 e6 3. d4 cxd4 4. Nxd4 Nf6 5. Nc3 d6 6.
Be3 a6 7. f4 b5 8. Bd3 Bb7 9. Qf3 b4 10. Nce2 Nbd7 11. g4 h6 12. O-O-O Rc8 13. Ng3 Be7 14. h4 h5 15. g5 Ng4 16. Bd2 Qb6 17. Nxh5 Qxd4 18.
Kb1 Rxh5 19. Qxg4 g6 20. Rhe1 Qh8 21. Bxb4 Nb6 22. f5 Rxh4 23. Qg1 Na4 24. c3 gxf5 25. Bc2 Bc6 26. Qa7 Bb5 27.
e5 Rxb4 28. cxb4 Qh2 29. Bxa4 Bxa4 30.
Qxa6 Qc2+ 31. Ka1 d5 32. b5 Ba3 33. Rb1 Qc4 34. g6 Bf8 35. Rh1 Bxb5 36. gxf7+ Kxf7 37. Rh7+ Bg7 38. Qa7+ Rc7 39. Qg1 Kg8 40. Rh3 d4 41. Rh4 Ra7 42. a3 Qc5 43. Qxd4 Rxa3+ 44. bxa3 Qxa3# 0-1

[Event "Open NK Rapid 2025"]
[Site "Helmond, Netherlands"]
[Date "2025.05.03"]
[Round "4.21"]
[White "Koppenens, Oscar"]
[Black "Bok, Benjamin"]
[Result "0-1"]
[TimeControl "15+5"]
[WhiteFideId "1087940"]
[BlackFideId "1017063"]
[WhiteElo "1858"]
[BlackElo "2583"]

1. e4 c5 2. Nf3 d6 3. d4 cxd4 4. Nxd4 Nf6 5. Nc3 a6 6. f3 e5 7. Nb3 Be6 8. Be3 Be7 9. Qd2 O-O 10.
Nd5 Nbd7 11. g4 Bxd5 12. exd5 Nb6 13. c4 Qc7 14. Qa5 Bd8 15. g5 Nh5 16. O-O-O Nf4 17. c5 Nbxd5 18. Qxc7 Bxc7 19. Bxf4 Nxf4 20. cxd6 Bb6 21.
Bd3 Rfd8 22. Be4 Rab8 23. Kb1 Nh3 24. Rhe1 Nxg5 25. Bd5 Kf8 26. h4 Nh3 27. Rxe5 Rxd6 28. Rde1 Nf4 29. Bxb7 Nd3 30.
Bxa6 Nxe1 31. Rxe1 Bf2 32. Rf1 Bxh4 33. Bc4 Bf6 34. a4 Rb4 35. Rc1 Rc6 36. Bb5 Rxc1+ 37. Kxc1 Rxb3 0-1

[Event "Open NK Rapid 2025"]
[Site "Helmond, Netherlands"]
[Date "2025.05.03"]
[Round "4.22"]
[White "Ponomarev, Ivan"]
[Black "Stolwijk, Colin"]
[Result "0-1"]
[TimeControl "15+5"]
[WhiteFideId "34411003"]
[BlackFideId "1033743"]
[WhiteElo "1857"]
[BlackElo "2286"]

1. c4 Nf6 2. g3 g6 3. Bg2 Bg7 4. Nc3 O-O 5. d4 Nc6 6. Nf3 d5 7. cxd5 Nxd5 8. e4 Nb6 9. d5 Na5 10.
O-O c6 11. dxc6 Nxc6 12. Qe2 Be6 13. Rd1 Qc8 14. Be3 Nc4 15. Rac1 Nxe3 16. Qxe3 Qb8 17. b3 h6 18. Nd5 Kh7 19.
Qc5 Re8 20. b4 a6 21. a4 Bg4 22. h3 Bxf3 23. Bxf3 e6 24. Nb6 Bf8 25. Qe3 e5 26. Nxa8 Qxa8 27. Rd7 Kg7 28. b5 axb5 29.
axb5 Nd4 30. Rcc7 Qa2 31. Rxb7 Ra8 32. Rxf7+ Qxf7 33. Rxf7+ Kxf7 34. Bg2 Ra3 35. Qe1 Rb3 36. b6 Bc5 37.
Qa5 Rb5 38. Qa7+ Kf6 39. Qc7 Bxb6 40.
Qd6+ Kf7 41. Kh2 Rb2 42. Qxe5 Rxf2 43. Qd5+ Ne6 44. h4 Bc7 45. e5 Ke7 46. Kg1 Re2 47. Bh3 Rxe5 48. Qd2 Bb6+ 49.
Kf1 Be3 50. Qb4+ Bc5 51. Qb7+ Kf6 52. Qf3+ Kg7 53. Qb7+ Kf6 54. Bxe6 Kxe6 55. Qc8+ Kf6 56. Qh8+ Kf5 57. Qxh6 Be7 58. Qf4+ Ke6 59. Qc4+ Kf6 60. Kg2 Rc5 61. Qd4+ Kf7 62.
Qf4+ Kg8 63. Qe4 Kf7 64. Kf3 Rf5+ 65. Kg2 Rc5 66. g4 Bxh4 67. Qb7+ Be7 68. Qb3+ Kg7 69. Qe3 Kf7 70. Kf3 Kf8 71.
Qd4 Kf7 72. Ke4 Rg5 73. Kf4 Rc5 74. Kf3 Kf8 75. Qh8+ Kf7 76. Qh7+ Kf6 77. Qg8 g5 78. Qh8+ Ke6 79. Qh6+ Kd7 80. Qa6 Re5 81. Qb7+ Ke6 82. Qc6+ Kf7 83. Qc4+ Kf8 84. Qd4 Bf6 85. Qd6+ Kg7 86. Qd7+ Re7 87. Qc6 Ra7 88. Ke4 Rf7 89. Qa6 Re7+ 90. Kf5 Re5# 0-1

[Event "Open NK Rapid 2025"]
[Site "Helmond, Netherlands"]
[Date "2025.05.03"]
[Round "4.23"]
[White "Duong, Ralf"]
[Black "Van Batenburg, Mees"]
[Result "0-1"]
[TimeControl "15+5"]
[WhiteFideId "40100197"]
[BlackFideId "1078259"]
[WhiteElo "1844"]
[BlackElo "2217"]

1. b3 e5 2. Bb2 Nc6 3. e3 d5 4. Bb5 Nge7 5. Bxe5 a6 6.
Bxc6+ Nxc6 7. Bg3 h5 8. h4 d4 9. Qe2 d3 10. Qxd3 Qxd3 11. cxd3 Nb4 12.
Nc3 Nc2+ 13. Kd1 Nxa1 14. Kc1 Bf5 15. e4 Be6 16. Kb2 Nxb3 17. axb3 Bd6 18. f4 O-O-O 19. Nge2 Bg4 20. Kc2 Bc5 21. f5 Rh6 22. Nf4 Bd4 23.
Rf1 b5 24. Nfd5 c6 25. Nb4 Kb7 26. Ra1 c5 27. Nbd5 b4 28. Ra5 bxc3 29. dxc3 Bg1 30. Be5 Bxf5 31. Bxg7 Rg6 32. Bf6 Rxg2+ 33. Kc1 Rxd5 34. exd5 Be3+ 35. Kd1 Bg4+ 36. Ke1 Rg1# 0-1

[Event "Open NK Rapid 2025"]
[Site "Helmond, Netherlands"]
[Date "2025.05.03"]
[Round "4.24"]
[White "Ruben, Berend"]
[Black "Sosef, Noah"]
[Result "1-0"]
[TimeControl "15+5"]
[WhiteFideId "1084682"]
[BlackFideId "40107060"]
[WhiteElo "2074"]
[BlackElo "1835"]

1. e4 c5 2. Nf3 d6 3. d4 cxd4 4. Nxd4 Nf6 5.
Nc3 g6 6. Be3 Bg7 7. f3 O-O 8. Qd2 Nc6 9. g4 Qa5 10. Nb3 Qd8 11. O-O-O Be6 12. Bh6 Rc8 13. Bxg7 Kxg7 14. h4 Bxb3 15.
axb3 Qa5 16. Kb1 h5 17. g5 Nd7 18. Qd5 Qxd5 19. Nxd5 Nb6 20. Nxb6 axb6 21. Bh3 Ra8 22. c3 Rfd8 23. f4 Rf8 24. f5 Ne5 25.
f6+ exf6 26. gxf6+ Kxf6 27. Rxd6+ Kg7 28. Rxb6 Rab8 29. Rb5 Nf3 30. Bg2 Nd2+ 31. Kc2 Rfd8 32. Rd1 1-0

[Event "Open NK Rapid 2025"]
[Site "Helmond, Netherlands"]
[Date "2025.05.03"]
[Round "4.25"]
[White "Geboers, Jimmy"]
[Black "Aalberts, Jos"]
[Result "1-0"]
[TimeControl "15+5"]
[WhiteFideId "262919"]
[BlackFideId "1093541"]
[WhiteElo "2065"]
[BlackElo "1831"]

1. d4 e6 2. c4 d5 3. Nc3 Nf6 4. e3 Be7 5. Nf3 Nbd7 6. Bd3 c5 7. cxd5 exd5 8. dxc5 Nxc5 9. Bb5+ Bd7 10.
Bxd7+ Qxd7 11. O-O O-O-O 12. Qc2 Kb8 13. b3 Rc8 14. Bb2 Nce4 15. Qd3 Qf5 16. Rfd1 Rhd8 17. Rac1 Qh5 18. Qd4 Nxc3 19.
Bxc3 Ne4 20. Qe5+ Qxe5 21. Bxe5+ Bd6 22. Bxg7 Rxc1 23. Rxc1 Nc5 24. Ne5 Ne6 25. Nxf7 Rd7 26. Nxd6 Rxg7 27.
Rc8# 1-0

[Event "Open NK Rapid 2025"]
[Site "Helmond, Netherlands"]
[Date "2025.05.03"]
[Round "5.1"]
[White "Schneider, Ilja"]
[Black "Fridman, Daniel"]
[Result "1-0"]
[TimeControl "15+5"]
[WhiteFideId "4663306"]
[BlackFideId "11600454"]
[WhiteElo "2438"]
[BlackElo "2539"]

1. e4 e6 2. d4 d5 3. exd5 exd5 4. Nf3 Nf6 5. Bd3 Bd6 6. Qe2+ Be6 7. Ng5 Qe7 8. Nxe6 fxe6 9. c3 e5 10. dxe5 Qxe5 11. Qxe5+ Bxe5 12.
Nd2 O-O 13. Nf3 Bd6 14. O-O Nbd7 15. Bg5 Nc5 16. Bc2 Ne6 17. Bxf6 Rxf6 18. Rad1 Nf4 19. g3 Nh3+ 20. Kg2 Raf8 21.
Rd3 Bc5 22. Rxd5 Rxf3 23. Bb3 Kh8 24. Rxc5 Rxf2+ 25. Rxf2 Nxf2 26. Rxc7 Ng4 27. Rxb7 h5 28. Bf7 g5 29. Re7 Nf6 30. c4 Rd8 31. c5 Rd2+ 32. Kf3 Rc2 33.
b4 a5 34. bxa5 Rxc5 35. a6 Rc3+ 36. Ke2 Ra3 37. a7 Kg7 38. Bd5+ 1-0